[Event "*** Titled Tuesday Blitz"]
[Site "Chess.com"]
[Date "2020.04.07"]
[Round "2"]
[White "bascheyaro"]
[Black "LimeInTheCoconut"]
[Result "1-0"]
[WhiteElo "2757"]
[BlackElo "2512"]
[TimeControl "180+1"]
[EndTime "13:19:46 PDT"]
[Termination "bascheyaro won on time"]

1. d4 Nf6 2. c4 e6 3. Nf3 b6 4. Nc3 Bb7 5. Bg5 Be7 6. e3 O-O 7. Bd3 d5 8. cxd5 Nxd5 9. Bxe7 Qxe7 10. O-O Nd7 11. Ne4 Rac8 12. Rc1 c5 13. dxc5 Nxc5 14.
Nxc5 Rxc5 15. Rxc5 Qxc5 16. Qb1 h6 17. Rc1 Qe7 18.
Be4 Nf6 19. Bxb7 Qxb7 20. Qd3 Rc8 21. Qd1 Rxc1 22. Qxc1 Nd5 23. Qd2 Qc7 24. h3 Qc4 25. a3 Qe4 26. Qc1 Kh7 27. b4 a5 28. bxa5 bxa5 29.
Qc5 Qa4 30. Qf8 f6 31. Qd6 Qe8 32. Nd4 e5 33. Qxd5 exd4 34. Qxd4 Qb5 35. Qe4+ f5 36. Qc2 a4 37. g4 g6 38. Qc7+ Kg8 39. Qd6 Kg7 40. Kg2 Qb7+ 41. Kg3 fxg4 42. Qe5+ Kf7 43. hxg4 Qb3 44. Qc7+ Kf6 45. Qd6+ Kf7 46. Qc5 Qd1 47. Qc4+ Kf8 48. f4 Qg1+ 49. Kf3 Qh1+ 50. Ke2 Qh2+ 51. Kd3 Qh1 52. Qb4+ 1-0

[Event "*** Titled Tuesday Blitz"]
[Site "Chess.com"]
[Date "2020.04.07"]
[Round "2"]
[White "ApacheSVD"]
[Black "GMKrikor"]
[Result "0-1"]
[WhiteElo "2360"]
[BlackElo "2797"]
[TimeControl "180+1"]
[EndTime "13:19:46 PDT"]
[Termination "GMKrikor won by resignation"]

1. e4 c5 2. Nf3 e6 3. d4 cxd4 4. Nxd4 Nc6 5. Nc3 a6 6. Be3 Nf6 7. Qf3 Bb4 8. Nxc6 bxc6 9. Bd4 d5 10. O-O-O O-O 11. exd5 cxd5 12. Bd3 e5 13. Bxe5 Bg4 14.
Bxf6 Bxf3 15. Bxd8 Bxd1 16. Nxd5 Rfxd8 17. Rxd1 Bc5 18. Be4 Rab8 19. f3 g6 20. g4 Kg7 21. c4 a5 22.
Kc2 Rh8 23. Nc3 h5 24. h3 hxg4 25. hxg4 Rh2+ 26. Rd2 Rxd2+ 27. Kxd2 Rxb2+ 28. Kd3 Bb4 29. Nd5 Rxa2 30. Nxb4 axb4 31. c5 Kf6 32. Kc4 Rb2 33. c6 Ke7 34. Bd5 Rd2 35. c7 Rc2+ 36. Kxb4 Rxc7 37.
Bc4 f6 38. Kc3 Kd6 39. Kd4 Ra7 40. Bd3 Ra4+ 41. Ke3 g5 42. Bf5 Ke5 43. Be4 Ra3+ 44. Bd3 Rb3 45. Ke2 Kf4 46. Be4 Re3+ 47. Kf2 Rxe4 48.
fxe4 Kxe4 49. Kg3 Ke3 50. Kg2 Kf4 51. Kh3 Kf3 0-1

[Event "*** Titled Tuesday Blitz"]
[Site "Chess.com"]
[Date "2020.04.07"]
[Round "2"]
[White "TomasKapitanchuk"]
[Black "Mbneu"]
[Result "1-0"]
[WhiteElo "2496"]
[BlackElo "2267"]
[TimeControl "180+1"]
[EndTime "13:19:46 PDT"]
[Termination "TomasKapitanchuk won on time"]

1. e4 c5 2. Nf3 Nf6 3. e5 Nd5 4.
Nc3 Nxc3 5. dxc3 e6 6. Bd3 d5 7. exd6 Bxd6 8. O-O Nc6 9. Re1 b6 10. Qe2 Bb7 11. Ng5 Qe7 12. Ne4 O-O-O 13. a4 Bc7 14. Ba6 h6 15. a5 Bb8 16. Be3 f5 17. Bxb7+ Qxb7 18. Nxc5 bxc5 19. Bxc5 Rhe8 20. a6 Qc7 21.
g3 Rd5 22. b4 e5 23. Qc4 Red8 24. Rab1 e4 25. Qe2 Ne5 26. Kg2 Nf3 27. Red1 Rxd1 28. Rxd1 Rxd1 29. Qxd1 Qd7 30. Qf1 Nd2 31. Qe2 e3 32.
Bxe3 Qd5+ 33. f3 Nc4 34. Bd4 f4 35. Qe8+ Kc7 36. Qe7+ Kc8 37. Qxg7 fxg3 38. hxg3 Qe6 39. Qf8+ Kc7 40. Qc5+ Kd8 41. Bf6+ Kd7 42. Qd4+ Bd6 43. Qxa7+ 1-0

[Event "*** Titled Tuesday Blitz"]
[Site "Chess.com"]
[Date "2020.04.07"]
[Round "2"]
[White "IMinTheWings"]
[Black "david_gomez"]
[Result "1-0"]
[WhiteElo "2190"]
[BlackElo "2428"]
[TimeControl "180+1"]
[EndTime "13:19:46 PDT"]
[Termination "IMinTheWings won by checkmate"]

1. c4 Nf6 2. Nc3 e6 3. e4 d5 4. e5 d4 5. exf6 dxc3 6. bxc3 Qxf6 7. Nf3 c5 8. d4 cxd4 9. cxd4 Bb4+ 10. Bd2 Nc6 11.
Be2 O-O 12. O-O Bxd2 13. Qxd2 Rd8 14. Rfd1 Bd7 15. Rab1 b6 16. Bd3 Rac8 17. Be4 Be8 18.
Bxc6 Bxc6 19. Ne5 Be4 20. Rb3 Bc6 21. Rg3 Ba4 22. Re1 Rc7 23. Rf3 Qh4 24. Rf4 Qh6 25. Qe3 Be8 26. h4 Qh5 27. Qg3 Kh8 28. Rg4 f6 29. Ng6+ Bxg6 30. Qxc7 Re8 31. Rg3 Qxh4 32. Qd7 Rg8 33. Qxe6 Qxd4 34. Rxg6 Qd2 35. Rg3 Qxa2 36.
Rh3 Qa5 37. Qe4 h6 38. Ree3 Qa1+ 39. Kh2 Qb2 40. Qg6 Qxf2 41. Rxh6+ gxh6 42. Qxh6# 1-0

[Event "*** Titled Tuesday Blitz"]
[Site "Chess.com"]
[Date "2020.04.07"]
[Round "2"]
[White "MalyDominator"]
[Black "poummba"]
[Result "1/2-1/2"]
[WhiteElo "2276"]
[BlackElo "2489"]
[TimeControl "180+1"]
[EndTime "13:19:47 PDT"]
[Termination "Game drawn by agreement"]

1. e4 e5 2. Nf3 Nf6 3. Nxe5 d6 4.
Nf3 Nxe4 5. Nc3 Nxc3 6. dxc3 Be7 7. Bf4 O-O 8. Qd2 Nd7 9. Bd3 Nc5 10. O-O Bg4 11.
Nd4 Nxd3 12. cxd3 c5 13. Nc2 d5 14. h3 Bf5 15. Ne3 Bg6 16. d4 c4 17. Rfe1 Re8 18.
Ng4 f6 19. Re3 h5 20. Nh2 Qd7 21. Rae1 Bf8 22. Nf3 Be4 23. Qd1 g5 24. Bh2 Bg6 25.
Nd2 Rxe3 26. Rxe3 Re8 27. Nf1 Rxe3 28. Nxe3 Qe6 29. Qa4 a6 30. Qa5 Be4 31. Qc7 Qe7 32. Qxe7 Bxe7 33. f3 Bb1 34. Nxd5 Kf7 35. a3 Bd8 36.
Ne3 b5 37. Kf2 Ke6 38. Nf1 h4 39. Nd2 Bc2 40. Ke3 f5 41. Nf1 Be7 42. Kd2 Bd3 43.
Ne3 a5 44. Nc2 f4 45. Bg1 Kd5 46. Bf2 Bf5 47. Ne1 Bg6 48. Nc2 b4 49. axb4 1/2-1/2

[Event "*** Titled Tuesday Blitz"]
[Site "Chess.com"]
[Date "2020.04.07"]
[Round "2"]
[White "Khalakhanov"]
[Black "DonBroca"]
[Result "1/2-1/2"]
[WhiteElo "2399"]
[BlackElo "2074"]
[TimeControl "180+1"]
[EndTime "13:19:47 PDT"]
[Termination "Game drawn - insufficient material"]

1. e4 c5 2. d4 cxd4 3. c3 Nf6 4. e5 Nd5 5. Nf3 Nc6 6. cxd4 d6 7. Bc4 Nb6 8. Bb3 dxe5 9. d5 Na5 10. Nc3 f6 11. O-O g6 12. Be3 Bg7 13. Bc5 Bd7 14.
d6 e6 15. Re1 Rc8 16. Be3 O-O 17. h4 Kh8 18. h5 g5 19. Rb1 Nac4 20. a3 Nxe3 21.
Rxe3 Nc4 22. Bxc4 Rxc4 23. Nd2 Rc8 24. Nce4 f5 25. h6 Bf6 26. Nxf6 Qxf6 27. Qh5 Rc6 28. Nf3 Be8 29. Qxg5 Rxd6 30. Rxe5 Qxg5 31. Nxg5 Bg6 32. Rbe1 Re8 33. Rxe6 Rdxe6 34. Rxe6 Rxe6 35. Nxe6 Kg8 36. Kh2 Kf7 37. Nc5 b6 38. Nd3 Kf6 39. Kg3 Kg5 40.
Nf4 Be8 41. Ne6+ Kxh6 42. Kf4 Bd7 43. Nf8 Bc8 44. f3 Kg7 45. Nxh7 Kxh7 46. g4 fxg4 47. fxg4 Kg6 48. Ke5 Be6 49. g5 Bd7 50. Kd6 Ba4 51. Kc7 b5 52. Kb7 Kxg5 53. Kxa7 Kf4 54. Kb6 Ke3 55. b3 Bxb3 56. Kxb5 Bd1 57. Kb4 Kd2 58.
a4 Bc2 59. a5 Bd3 60. Kc5 Kc3 61. Kb6 Kb4 62. a6 Bxa6 1/2-1/2

[Event "*** Titled Tuesday Blitz"]
[Site "Chess.com"]
[Date "2020.04.07"]
[Round "2"]
[White "omidnoroozi21"]
[Black "mathapples"]
[Result "0-1"]
[WhiteElo "2576"]
[BlackElo "2327"]
[TimeControl "180+1"]
[EndTime "13:19:49 PDT"]
[Termination "mathapples won by resignation"]

1. c4 e6 2. Nc3 d5 3. d4 c6 4.
cxd5 exd5 5. Nf3 Nf6 6. Qc2 Bd6 7. Bg5 Nbd7 8. e3 O-O 9. Bd3 h6 10. Bh4 Re8 11. O-O Nf8 12. Rab1 Bg4 13. Nd2 Bh5 14.
e4 Bxh2+ 15. Kxh2 Ng4+ 16. Kh3 Qd7 17. Kg3 g5 18. Bxg5 hxg5 19. e5 Ne6 20. Bf5 Nh6 21. Nb3 Nxf5+ 22. Qxf5 Bg6 23. Qf6 Bxb1 24. Rxb1 Qe7 25.
Qf5 Ng7 26. Qg4 f5 27. Qf3 f4+ 28. Kh2 Qe6 29. Nc5 Qh6+ 30. Kg1 Kf7 31. Nxb7 Rh8 32.
Kf1 Nf5 33. Rd1 Rag8 34. Qg4 Kg6 35. Nd6 Nxd6 36. exd6 Kh7 37. Ke2 Re8+ 38. Kd2 Qxd6 39. Qxg5 Qh6 40. Qf5+ Kg7 41. Qd7+ Kf8 42. f3 Qh2 43. Qf5+ Ke7 44. Re1+ Kd8 45. Qf6+ Kc7 46. Re7+ Rxe7 47. Qxe7+ Kb6 48. Na4+ Kb5 49. Qc5+ Ka6 50.
Qxc6+ Ka5 51. Qc5+ Ka6 52. Nc3 Qxg2+ 53. Ne2 Rh2 54. Qc6+ Ka5 55. Qxd5+ Ka6 56. Qc6+ Ka5 57. Qc5+ Ka6 58. Qc4+ Kb6 59. a4 Qxf3 60. Qb5+ Kc7 61.
Qc5+ Kb7 62. Qe7+ Kb8 63. Qd8+ Kb7 64. Qd7+ Kb8 65. Qe8+ Kb7 66. a5 Qb3 67. Qd7+ Kb8 68. Qd6+ Kb7 69. a6+ Kc8 70. Qc6+ Kd8 71. Qa8+ Kd7 72.
Qxa7+ Ke6 73. d5+ Qxd5+ 74. Kc3 Rxe2 75. Qb6+ Kf5 76. Kb4 0-1

[Event "*** Titled Tuesday Blitz"]
[Site "Chess.com"]
[Date "2020.04.07"]
[Round "2"]
[White "Kaua18"]
[Black "guillembaches"]
[Result "0-1"]
[WhiteElo "2156"]
[BlackElo "2443"]
[TimeControl "180+1"]
[EndTime "13:19:49 PDT"]
[Termination "guillembaches won on time"]

1. e4 c5 2. Nf3 d6 3. d4 cxd4 4. Nxd4 Nf6 5. Nc3 a6 6. Be2 e5 7. Nf3 Be7 8. a4 Be6 9. O-O O-O 10. Bg5 Nbd7 11. h3 Rc8 12. Qd2 Rxc3 13. Bxf6 Nxf6 14. Qxc3 Nxe4 15. Qb4 Nc5 16. Rad1 Qc7 17. Bc4 a5 18. Qb5 Bd7 19. Bxf7+ Rxf7 20. Qc4 Be6 21. Qc3 Qc6 22.
Qxa5 Rxf3 23. gxf3 Qxf3 24. Qc3 Qxc3 25. bxc3 Nxa4 26.
Rb1 Bd5 27. c4 Bc6 28. Rfe1 Kf7 29. Rb3 Nc5 30. Ra3 Ne6 31. Rae3 Nd4 32. Rc1 Bg5 33. c3 Bxe3 34. Rd1 Nf3+ 35. Kf1 Bc5 36. Ra1 h5 37. Ke2 g5 38. Rb1 Ke6 39. Ra1 Kf5 40. Ra8 g4 41. Rh8 Kg5 42. hxg4 Kxg4 43. Rg8+ Kf5 44. Kf1 h4 45.
Kg2 Ng5+ 46. Kh2 Bxf2 47. Rf8+ Kg4 48. Rf4+ exf4 49. c5 Bg3+ 0-1

[Event "*** Titled Tuesday Blitz"]
[Site "Chess.com"]
[Date "2020.04.07"]
[Round "2"]
[White "Angel_Hranitel_37"]
[Black "moro182"]
[Result "0-1"]
[WhiteElo "2330"]
[BlackElo "2682"]
[TimeControl "180+1"]
[EndTime "13:19:50 PDT"]
[Termination "moro182 won by resignation"]

1. d4 Nf6 2. Nf3 d5 3. c3 Nbd7 4. g3 g6 5. Bg2 Bg7 6. O-O O-O 7. Bg5 b6 8. Qc1 Bb7 9. Bh6 c5 10. Bxg7 Kxg7 11. Rd1 Rc8 12. e3 Qc7 13. a4 e5 14.
dxe5 Nxe5 15. Nxe5 Qxe5 16. c4 Bc6 17. cxd5 Bxd5 18.
Qc3 Qxc3 19. Nxc3 Bb3 20. Rd6 Rfd8 21. Rxd8 Rxd8 22. Ra3 Bc4 23. Bf1 Bxf1 24. Kxf1 Rd2 25. Ra2 Ng4 26. b3 Nxh2+ 27. Kg2 Rxa2 28. Nxa2 Ng4 29.
Nc3 Ne5 30. Nb5 a5 31. Nc7 c4 32. bxc4 Nxc4 33. Nd5 f5 34. f3 Kf7 35. e4 fxe4 36. fxe4 Ke6 37. Kf3 Ke5 38. Nc3 h5 39. Nd5 g5 40.
Nc3 Kd4 41. Nb5+ Kc5 42. Nc7 Kb4 43. Ne6 Kxa4 44. Nxg5 Kb3 45. Nf7 a4 46. e5 Nxe5+ 47.
Nxe5 a3 48. Nd3 a2 49. Nc1+ Ka3 50. Nxa2 Kxa2 51. Kf4 b5 52. Kg5 b4 53. g4 b3 54.
gxh5 b2 55. Kg6 b1=Q+ 56. Kg7 Qb7+ 57. Kg8 Qd5+ 58. Kg7 Qxh5 0-1

[Event "*** Titled Tuesday Blitz"]
[Site "Chess.com"]
[Date "2020.04.07"]
[Round "2"]
[White "OK97"]
[Black "VinzentSpitzl"]
[Result "1/2-1/2"]
[WhiteElo "2742"]
[BlackElo "2366"]
[TimeControl "180+1"]
[EndTime "13:19:51 PDT"]
[Termination "Game drawn by repetition"]

1. Nf3 d5 2. g3 Nf6 3. Bg2 e6 4. O-O Be7 5. c4 O-O 6. d4 dxc4 7. Qc2 a6 8. a4 Bd7 9. Qxc4 Bc6 10. Bg5 Nbd7 11. Nc3 h6 12. Bxf6 Nxf6 13. Rfd1 Nd5 14.
Ne5 Nxc3 15. bxc3 Bxg2 16. Kxg2 Qd5+ 17. Qxd5 exd5 18. Rab1 b6 19. Rdc1 Ba3 20. Rc2 f6 21. Nc6 Rfe8 22. e3 Re6 23. Nb4 Bxb4 24. Rxb4 c5 25.
dxc5 bxc5 26. Rb7 Rc8 27. Rd2 Rd6 28. h4 h5 29. a5 Rcc6 30. Ra7 d4 31. cxd4 cxd4 32.
exd4 Rc4 33. Re2 Rcxd4 34. Ree7 Rg4 35. f3 Rg6 36. Rad7 Rxd7 37. Rxd7 f5 38. Rd5 Rf6 39.
f4 Kf7 40. Kf3 g6 41. Ke3 Rc6 42. Kd4 Ke6 43. Rc5 Rd6+ 44. Ke3 Kf6 45. Rc7 Ke6 46. Ra7 Kd5 47. Rc7 Rc6 48. Rb7 Kc5 49. Kd3 Rd6+ 50. Kc3 Re6 51. Kd3 Rd6+ 52. Kc3 Re6 53. Kd3 Rd6+ 1/2-1/2

[Event "*** Titled Tuesday Blitz"]
[Site "Chess.com"]
[Date "2020.04.07"]
[Round "2"]
[White "Fins0905"]
[Black "Harry_Rakkel"]
[Result "1-0"]
[WhiteElo "2765"]
[BlackElo "2513"]
[TimeControl "180+1"]
[EndTime "13:19:52 PDT"]
[Termination "Fins0905 won on time"]

1. e4 c5 2. Nf3 e6 3. d4 cxd4 4. Nxd4 Nc6 5. g3 Bc5 6. Nb3 Bb6 7. Bg2 h5 8. Na3 h4 9. Nc4 Bc7 10. Nd6+ Bxd6 11. Qxd6 Qe7 12. Bf4 e5 13. Qxe7+ Ngxe7 14. Be3 b6 15. O-O-O Ba6 16. f4 Rc8 17. a3 Rc7 18.
Rd6 f6 19. f5 hxg3 20. hxg3 Rxh1+ 21. Bxh1 Nd8 22. Bf3 Nb7 23. Rd2 Bc4 24. Kb1 Bxb3 25. cxb3 Na5 26. Ka2 Nec6 27. g4 Ke7 28. g5 Rc8 29.
Be2 Rh8 30. b4 Nb7 31. Bc4 Rh3 32. gxf6+ gxf6 33. Bg1 Nd6 34. Bd5 Nb5 35. Rg2 Ncd4 36. Rg7+ Kd8 37. Rf7 Ne2 38. Bf2 Nc1+ 39. Kb1 Nd3 40.
Bc4 Rh1+ 41. Kc2 Nxf2 42. Bxb5 Nxe4 43. Rxd7+ Kc8 44. Rxa7 Rh2+ 45. Kb3 Nd6 46. Bc6 Rh3+ 47. Ka2 e4 48. Re7 Kd8 49. Re6 Kc7 50. Bxe4 Nxe4 51. Rxe4 Rf3 52. Re7+ 1-0

[Event "*** Titled Tuesday Blitz"]
[Site "Chess.com"]
[Date "2020.04.07"]
[Round "2"]
[White "gvanna"]
[Black "1random"]
[Result "0-1"]
[WhiteElo "2455"]
[BlackElo "2727"]
[TimeControl "180+1"]
[EndTime "13:19:52 PDT"]
[Termination "1random won on time"]

1. e4 d5 2. exd5 Nf6 3. Nc3 Nxd5 4. Bc4 Nb6 5. Bb3 Nc6 6. Nge2 Bf5 7. O-O e6 8. d4 Be7 9. Bf4 O-O 10. Qd2 Qd7 11.
Rad1 Rad8 12. Rfe1 Bf6 13. Nb5 Rc8 14. c4 a6 15. Nbc3 Na5 16. Ne4 Naxc4 17. Nxf6+ gxf6 18. Qc3 Nd6 19. Bh6 Rfd8 20. h4 Kh8 21. Ng3 Rg8 22.
Qf3 Rg6 23. Bf4 Bg4 24. Qc3 Bxd1 25. Rxd1 Nd5 26. Bxd5 exd5 27. h5 Rg4 28. Qf3 Rcg8 29.
Be5 h6 30. Bxf6+ Kh7 31. Qd3+ Ne4 32. Re1 Qe6 33. Be5 f5 34. Bxc7 f4 35. f3 Rxg3 36. Bxf4 Rxg2+ 37. Kf1 Qh3 38. Rxe4 Rg1+ 0-1

[Event "*** Titled Tuesday Blitz"]
[Site "Chess.com"]
[Date "2020.04.07"]
[Round "2"]
[White "King_of_the_wing"]
[Black "UmutErdemGunduz"]
[Result "0-1"]
[WhiteElo "2033"]
[BlackElo "2406"]
[TimeControl "180+1"]
[EndTime "13:19:52 PDT"]
[Termination "UmutErdemGunduz won by checkmate"]

1. e4 e5 2. Nf3 Nc6 3. c3 Nf6 4. d4 exd4 5. e5 Ne4 6. Bd3 d5 7.
exd6 Nxd6 8. cxd4 Be7 9. O-O O-O 10. h3 Bf6 11. Be3 Nf5 12. Bxf5 Bxf5 13. Nc3 Qd7 14. Qd2 Rad8 15. Rad1 Nb4 16. Ne5 Qe6 17. a3 Nc2 18. f4 Bxe5 19. fxe5 c5 20. d5 Nxe3 21.
Qxe3 Qg6 22. Qxc5 Bxh3 23. Rf2 Bg4 24. Rdf1 h5 25. e6 Bxe6 26. dxe6 Qxe6 27. Qxh5 g6 28. Qf3 Rd4 29. Qxb7 Kg7 30. Qxa7 Rh4 31. Rf4 Rh5 32. Qd4+ f6 33. Ne4 Rd5 34. Qc3 Rf5 35. Rxf5 gxf5 36. Qf3 fxe4 37. Qg3+ Kf7 38. Qc7+ Kg8 39. Re1 Rf7 40. Qg3+ Rg7 41. Qe3 f5 42. b4 Qa2 43.
Qe2 Qxa3 44. Qc4+ Kh7 45. Rd1 Qe3+ 46. Kf1 Qf4+ 47. Ke2 Rxg2+ 48. Ke1 Qf2# 0-1

[Event "*** Titled Tuesday Blitz"]
[Site "Chess.com"]
[Date "2020.04.07"]
[Round "2"]
[White "PotapovaM"]
[Black "Zkid"]
[Result "0-1"]
[WhiteElo "2537"]
[BlackElo "2814"]
[TimeControl "180+1"]
[EndTime "13:19:53 PDT"]
[Termination "Zkid won on time"]

1. d4 d5 2. c4 dxc4 3. e4 Nf6 4. e5 Nd5 5. Bxc4 Nc6 6. Nf3 Bf5 7. O-O e6 8. Bg5 Be7 9. Bxe7 Ncxe7 10. Nc3 O-O 11. Qd2 Nb6 12. Bb3 Bg4 13. Qf4 Bxf3 14. Qxf3 Qxd4 15. Qxb7 Qxe5 16. Rfe1 Qc5 17. Ne4 Qc6 18.
Qxc6 Nxc6 19. Rac1 Nd4 20. Rxc7 Nxb3 21. axb3 Nd5 22.
Rd7 Rfd8 23. Rxd8+ Rxd8 24. Ra1 Rd7 25. g3 g6 26. Nc5 Rc7 27. Nd3 Rb7 28. b4 g5 29.
b5 Nc7 30. Ra5 h6 31. b4 Nd5 32. Nc5 Rc7 33. Na6 Rc1+ 34. Kg2 Rc2 35. Nc5 g4 36. Kf1 Nxb4 37. Nd7 Nd3 38. Nf6+ Kg7 39. Nxg4 h5 40.
Ne3 Rxf2+ 41. Kg1 Re2 42. Nc4 Ne5 43. Nd6 Nf3+ 44. Kf1 Rd2 45. Ne4 Nxh2+ 46. Ke1 Nf3+ 47. Kf1 Rd4 48. Nc5 Rd5 49. Nb7 Nd4 50. Rxa7 Rd7 51. Ra4 Rxb7 52. Rxd4 Rxb5 53. Rd3 Rg5 54. Kg2 h4 55.
Kh3 Rxg3+ 0-1

[Event "*** Titled Tuesday Blitz"]
[Site "Chess.com"]
[Date "2020.04.07"]
[Round "2"]
[White "Misi_95"]
[Black "AliMentor20"]
[Result "1-0"]
[WhiteElo "2705"]
[BlackElo "2384"]
[TimeControl "180+1"]
[EndTime "13:19:53 PDT"]
[Termination "Misi_95 won by resignation"]

1. e4 c5 2. Nf3 Nc6 3. Bb5 g6 4. Bxc6 dxc6 5. d3 Bg7 6. h3 e5 7.
a3 Qe7 8. O-O Nf6 9. b4 Nd7 10.
Nc3 Nf8 11. Be3 Ne6 12. bxc5 Nxc5 13. d4 exd4 14. Bxd4 Bxd4 15. Qxd4 O-O 16. Rfd1 b6 17. Ne5 Bb7 18. Ng4 f6 19. Qd6 Rae8 20. Qxe7 Rxe7 21. Rd6 Kg7 22. Rad1 h5 23. Ne3 Nxe4 24. Nxe4 Rxe4 25. Rd7+ Rf7 26. Rd8 Ra4 27. Rb8 Rxa3 28. Rdd8 f5 29. Rg8+ Kf6 30. Nc4 Ra1+ 31. Kh2 Rd1 32. f4 Re1 33.
Nd6 Ree7 34. Nxf7 Rxf7 35. Rgf8 Ba6 36. Rxf7+ Kxf7 37. Ra8 Bc4 38. Rxa7+ Kf6 39. Rc7 Bd5 40. g3 b5 41. Kg1 h4 42. gxh4 b4 43. Kf2 Be4 44. Ke3 Ke6 45. Kd2 Kd6 46. Rg7 c5 47. Rxg6+ Kd5 48. h5 c4 49. h6 b3 50. cxb3 cxb3 51.
Rb6 1-0

[Event "*** Titled Tuesday Blitz"]
[Site "Chess.com"]
[Date "2020.04.07"]
[Round "2"]
[White "Harut-1998"]
[Black "Opening_Prep"]
[Result "1-0"]
[WhiteElo "2653"]
[BlackElo "2281"]
[TimeControl "180+1"]
[EndTime "13:19:53 PDT"]
[Termination "Harut-1998 won by resignation"]

1. d4 f5 2. Nc3 Nf6 3. Bg5 d5 4.
Bxf6 exf6 5. e3 Be6 6. Bd3 Nc6 7. Qf3 Qd7 8. a3 O-O-O 9. Nge2 g6 10. O-O-O Kb8 11. h3 a6 12. Nf4 Bf7 13. g4 fxg4 14.
hxg4 Be7 15. Rh6 Bf8 16. Rh3 Bg7 17. Rdh1 h5 18. Qg2 Qxg4 19. Qxg4 hxg4 20. Rxh8 Rxh8 21. Rxh8+ Bxh8 22. Bxg6 Bg8 23. Ncxd5 Bg7 24. Bf5 g3 25. fxg3 Nd8 26. Kd2 c6 27. Ne7 Bf7 28. Bg6 Be6 29.
Nf5 Bxf5 30. Bxf5 Nf7 31. Nh5 Bh8 32. g4 Kc7 33. e4 Kd6 34. Kd3 b6 35. c4 Ng5 36. Ke3 c5 37. d5 a5 38. b3 Nf7 39.
Kd3 Ne5+ 40. Kc3 Nf3 41. b4 axb4+ 42. axb4 Ne5 43. Kb3 Nd3 44. bxc5+ Kxc5 45. Kc3 Ne5 46. Nf4 Nxc4 47. Ne6+ Kb5 48. Nc7+ Kc5 49. Ne6+ Kb5 50. Nd4+ Kc5 51. Nb3+ Kb5 52. Bd7+ Ka6 53. Kxc4 1-0

[Event "*** Titled Tuesday Blitz"]
[Site "Chess.com"]
[Date "2020.04.07"]
[Round "2"]
[White "Chessmatus"]
[Black "Bulldog167"]
[Result "1/2-1/2"]
[WhiteElo "2373"]
[BlackElo "2641"]
[TimeControl "180+1"]
[EndTime "13:19:53 PDT"]
[Termination "Game drawn - insufficient material"]

1. d4 Nf6 2. c4 e6 3. g3 d5 4. Nf3 dxc4 5. Bg2 a6 6. O-O Nc6 7. e3 Rb8 8. Nfd2 e5 9. Bxc6+ bxc6 10. dxe5 Ng4 11. Nxc4 Be6 12. Nbd2 Bb4 13. Qe2 h5 14. f3 Bxd2 15. Nxd2 Nxe5 16. b3 Qd3 17. Qxd3 Nxd3 18. Ba3 h4 19. Ne4 hxg3 20. hxg3 Rb5 21. Rad1 Ne5 22.
Nc5 Ra5 23. Nxe6 fxe6 24. Bb4 Rxa2 25. Rd2 Rxd2 26. Bxd2 Kf7 27. Bc3 Nd7 28. Ra1 Rb8 29. Rxa6 c5 30. Ra7 Rc8 31. Ba5 Ne5 32. Kf2 Kf6 33.
Rxc7 Rb8 34. f4 Nd3+ 35. Ke2 Rxb3 36. Kd2 Nf2 37. Bc3+ Kf5 38. Rf7+ Kg4 39. Kc2 Ra3 40. Rxg7+ Kf3 41. Kb2 Ra6 42. Rc7 Kxe3 43. Kb3 Ne4 44. Be5 Rb6+ 45. Kc2 Rb5 46. Rc6 Nxg3 47. Rxe6 Kf3 48.
Rc6 Ke4 49. Bd6 c4 50. Rxc4+ Kf5 51. Rc5+ Rxc5+ 52. Bxc5 Kxf4 1/2-1/2

[Event "*** Titled Tuesday Blitz"]
[Site "Chess.com"]
[Date "2020.04.07"]
[Round "2"]
[White "Usurpov"]
[Black "PetrolulSah"]
[Result "1-0"]
[WhiteElo "2476"]
[BlackElo "2238"]
[TimeControl "180+1"]
[EndTime "13:19:53 PDT"]
[Termination "Usurpov won on time"]

1. e4 e5 2. Nf3 Nf6 3. Nc3 Bb4 4. Nxe5 O-O 5. Be2 Re8 6. Nd3 Bxc3 7. dxc3 Nxe4 8. Nf4 d6 9. O-O Nd7 10. c4 Ne5 11.
Re1 Nc5 12. Bf1 Ne6 13. Nd5 b6 14. b3 Bb7 15. Bb2 f6 16. f4 Nc6 17. g3 a5 18.
a3 Rc8 19. Bd3 Nc5 20. Bf5 Rxe1+ 21. Qxe1 Ra8 22. Qe2 Qe8 23. Qxe8+ Rxe8 24. Nxc7 Re2 25. Rd1 Ne7 26. Bh3 Rxc2 27. Bd4 f5 28. Nb5 Ne4 29.
Bf1 d5 30. Bxb6 Nd2 31. Nd4 Rb2 32. Bg2 dxc4 33. Bxa5 Bxg2 34. Rxd2 Rxd2 35. Bxd2 cxb3 36. Nxb3 Bd5 37. Nd4 g6 38. Bb4 Nc6 39. Ne2 Bc4 40.
Nc3 Kf7 41. Kf2 Ke6 42. Ke3 Ba6 43. Na4 Bb5 44. Nc3 Ba6 45. Nd1 Kd5 46. Nf2 Kc4 47. Nh3 h6 48. Bf8 h5 49. Ng5 1-0

[Event "*** Titled Tuesday Blitz"]
[Site "Chess.com"]
[Date "2020.04.07"]
[Round "2"]
[White "Hadza_3"]
[Black "AndreyNeves"]
[Result "0-1"]
[WhiteElo "2429"]
[BlackElo "2184"]
[TimeControl "180+1"]
[EndTime "13:19:53 PDT"]
[Termination "AndreyNeves won by checkmate"]

1. e4 c5 2. Nc3 Nc6 3. Bb5 g6 4.
Bxc6 bxc6 5. d3 Bg7 6. f4 d6 7. Nf3 e6 8. O-O Ne7 9. Qe1 O-O 10. b3 Qa5 11. Bd2 Qc7 12. Na4 Bxa1 13. Qxa1 f6 14. c4 e5 15. fxe5 fxe5 16. Bh6 Bg4 17. Ng5 Nf5 18.
Bxf8 Rxf8 19. exf5 Bxf5 20. Qd1 Qe7 21. Ne4 d5 22.
Nexc5 e4 23. dxe4 dxe4 24. Qe2 e3 25. Nd3 Bxd3 26. Qxd3 Rxf1+ 27. Kxf1 Qf6+ 28. Ke1 Qf2+ 29. Kd1 Qg1+ 30. Ke2 Qf2+ 31. Kd1 Qg1+ 32. Kc2 Qf2+ 33. Kc3 e2 34. Qd8+ Kg7 35. Qe7+ Kh6 36. Kb4 e1=Q+ 37. Qxe1 Qxe1+ 38. Nc3 Qd2 39. c5 Kh5 40. Kc4 Qd8 41.
a4 Qg8+ 42. Kb4 Qe6 43. Ka5 Qe5 44. Na2 Qxc5+ 45. Ka6 Qb6# 0-1

[Event "*** Titled Tuesday Blitz"]
[Site "Chess.com"]
[Date "2020.04.07"]
[Round "2"]
[White "MilanovicDan"]
[Black "vovachesss"]
[Result "1-0"]
[WhiteElo "2353"]
[BlackElo "2652"]
[TimeControl "180+1"]
[EndTime "13:19:54 PDT"]
[Termination "MilanovicDan won on time"]

1. d4 Nf6 2. c4 d6 3. Nc3 g6 4. e4 Bg7 5. Bg5 O-O 6. Qd2 e5 7. dxe5 dxe5 8. Qxd8 Rxd8 9. Nd5 Nxd5 10. Bxd8 Nb4 11.
O-O-O Nxa2+ 12. Kb1 Nb4 13. Bxc7 N8c6 14. Ne2 Be6 15. Nc3 Nd4 16. Nd5 Bxd5 17. cxd5 Rc8 18.
Bd6 a5 19. Rc1 Rxc1+ 20. Kxc1 Bh6+ 21. Kd1 f6 22. Bxb4 axb4 23. h4 Kf7 24. Rh3 Ke7 25.
Rd3 Kd6 26. f3 Bf4 27. Be2 h5 28. g4 Kc5 29. gxh5 gxh5 30. Ke1 Bg3+ 31. Kf1 Bxh4 32.
f4 exf4 33. Bxh5 f5 34. Bg6 fxe4 35. Bxe4 Bf6 36. Rh3 Nb5 37. Rh7 Bxb2 38. Rxb7 Be5 39. Re7 Bd6 40. Re8 b3 41. Kf2 b2 42. Kf3 Nc3 43. Rc8+ Kd4 44. Bc2 Nxd5 45. Rd8 Kc5 46. Rc8+ Kd4 47. Rd8 Kc5 48. Rc8+ Nc7 49. Rb8 Be5 50.
Rb3 Nb5 51. Ke4 1-0

[Event "*** Titled Tuesday Blitz"]
[Site "Chess.com"]
[Date "2020.04.07"]
[Round "2"]
[White "A-Fier"]
[Black "Grandmaster2B"]
[Result "1/2-1/2"]
[WhiteElo "2831"]
[BlackElo "2558"]
[TimeControl "180+1"]
[EndTime "13:19:55 PDT"]
[Termination "Game drawn - insufficient material"]

1. d4 Nf6 2. c4 e6 3. Nc3 Bb4 4. e3 b6 5. Ne2 Ba6 6. Ng3 Bxc3+ 7. bxc3 d5 8. Ba3 Bxc4 9. Bxc4 dxc4 10. Qa4+ Qd7 11.
Qxc4 Qc6 12. Qxc6+ Nxc6 13. f3 O-O-O 14. Kf2 Kb7 15. e4 Rhe8 16. Rac1 Na5 17. Rc2 Nc4 18. Bc1 c6 19. Ne2 Rd7 20. h4 Red8 21. h5 h6 22. g4 Rh8 23. Ng3 c5 24. g5 hxg5 25.
Bxg5 Na3 26. Rd2 Nb5 27. h6 Ne8 28. hxg7 Rg8 29. Rh8 Rxg7 30. dxc5 Rxd2+ 31. Bxd2 Nec7 32. cxb6 axb6 33. Rd8 Rh7 34. Kg2 Kc6 35. a4 Nd6 36. Bf4 Nb7 37. Rb8 Nc5 38. Ne2 f6 39. Nd4+ Kd7 40.
Bxc7 Kxc7 41. Ra8 Kd6 42. Nb5+ Ke5 43. Nd4 Rg7+ 44. Kf2 Rh7 45. a5 bxa5 46. Rxa5 Kd6 47. Rb5 Rb7 48. Ke3 e5 49. Nf5+ Kc6 50. Rxb7 Nxb7 51. Ne7+ Kd6 52. Ng8 Ke6 53. Kd3 Nd6 54. Nh6 Kd7 55. Ng4 Ke6 56. Ne3 Nf7 57. c4 Ng5 58.
Ke2 Kd6 59. Ng4 Kc5 60. Nxf6 Kxc4 61. Ng8 Kd4 62. Ne7 Nxe4 63. Nc6+ Kd5 64. Nb4+ Kd4 65. Nc2+ Kd5 66. Ne3+ Kd4 67. Nf5+ Kd5 68. Ne7+ Kd4 69. Nc6+ Kd5 70. Nb4+ Kd4 71. Nc2+ Kd5 72. fxe4+ Kxe4 73. Ne3 Kd4 74. Ng4 e4 75. Nf2 Ke5 76. Nd1 Kd6 77.
Nf2 Kc6 78. Nxe4 1/2-1/2